 Seeded DCSS version 0.27.1 (webtiles) character file.

Game seed: 7777777777 (custom seed)

16 a11behringer the Conjurer (level 2, -2/20 HPs)
             Began as a Demigod Conjurer on Aug 26, 2021.
             Slain by a hobgoblin (3 damage)
             ... on level 1 of the Dungeon.
             The game lasted 00:03:32 (287 turns).

a11behringer the Conjurer (Demigod Conjurer)         Turns: 287, Time: 00:03:32

Health: -2/20      AC:  4    Str:  8    XL:     2   Next: 24%
Magic:  2/7        EV: 12    Int: 20    God:
Gold:   22         SH:  0    Dex: 12    Spells: 3/4 levels left

rFire    . . .     SeeInvis .   f - +0 dagger
rCold    . . .     Faith    .   (no shield)
rNeg     . . .     Spirit   .   a - +0 robe
rPois    .         Reflect  .   (no helmet)
rElec    .         Harm     .   g - +0 cloak
rCorr    .         Rampage  .   b - +0 pair of gloves
Will     .....                  (no boots)
Stlth    ++........             (no amulet)
HPRegen  0.06/turn              (no ring)
MPRegen  0.10/turn              (no ring)

@: no status effects
A: high mp 1, forlorn
a: no special abilities


You were on level 1 of the Dungeon.
You visited 1 branch of the dungeon, and saw 1 of its levels.

You collected 22 gold pieces.

Inventory:

Hand Weapons
 f - a +0 dagger (weapon)
Armour
 a - a +0 robe (worn)
 b - a +0 pair of gloves (worn)
 g - a +0 cloak (worn)
Scrolls
 c - 2 scrolls of teleportation {unknown}
Potions
 d - a potion of flight {unknown}
 e - a potion of brilliance {unknown}


   Skills:
 + Level 0.1 Short Blades
 + Level 2.0 Dodging
 + Level 1.7 Stealth
 + Level 0.3 Unarmed Combat
 + Level 1.7 Spellcasting
 + Level 4.0 Conjurations


You had 3 spell levels left.
You knew the following spells:

 Your Spells              Type           Power      Damage    Failure   Level
a - Magic Dart            Conj           72%        1d6       3%          1

Your spell library contained the following spells:

 Spells                   Type           Power      Damage    Failure   Level
 Searing Ray              Conj           36%        3d4       4%          2
 Dazzling Flash           Conj/Hex       18%        N/A       22%         3
 Fulminant Prism          Conj/Hex       4%         3d6       56%         4
 Iskenderun's Mystic Bla  Conj/Tloc      9%         2d4       56%         4


Dungeon Overview and Level Annotations

Branches:
Dungeon (1/15)


Innate Abilities, Weirdness & Mutations

Your attributes grow dramatically as you level up.
You have an increased reservoir of magic. (+10% MP)
You shall have no god before yourself.


Message History

You closely miss the hobgoblin. The jackal bites you.
The jackal closely misses you. The hobgoblin barely misses you.
The jackal bites you but does no damage.
The jackal closely misses you.
You hit the hobgoblin but do no damage. The jackal barely misses you.
The jackal misses you. The hobgoblin misses you.
You closely miss the hobgoblin. The jackal misses you. The jackal bites you.
The hobgoblin hits you. The jackal barely misses you.
The jackal bites you but does no damage.
You hit the hobgoblin but do no damage. The hobgoblin hits you.
The jackal bites you but does no damage. x2
You barely miss the hobgoblin. The jackal closely misses you. x2
The hobgoblin barely misses you.
You completely miss the hobgoblin. The jackal barely misses you.
The jackal bites you but does no damage.
The rat barely misses you.
The hobgoblin hits you but does no damage.
The jackal misses you.
The jackal bites you but does no damage.
You hit the hobgoblin but do no damage. The rat barely misses you.
The jackal bites you but does no damage.
The hobgoblin closely misses you. The jackal bites you.
You hit the hobgoblin but do no damage. The jackal bites you.
* * * LOW HITPOINT WARNING * * *
The rat bites you but does no damage.
The jackal bites you but does no damage.
The hobgoblin hits you but does no damage.
You hit the hobgoblin but do no damage. The jackal bites you.
* * * LOW HITPOINT WARNING * * *
The jackal bites you but does no damage.
The rat bites you but does no damage. The hobgoblin closely misses you.
The jackal bites you.
* * * LOW HITPOINT WARNING * * *
The jackal bites you.
* * * LOW HITPOINT WARNING * * *
You hit the hobgoblin.
The hobgoblin is lightly wounded.
The rat bites you but does no damage. The jackal misses you. x2
The hobgoblin hits you.
You die...

##...##..# #...##..#
##...#..# #...#..#
#...#..# #########
##.....# #.......#
#####.# #.......########
#.####
#...†...@h.....#####>...#
#######rhg....†..........
#............######...#
#.....###.#### #...#
#...........# #...#
######......# #...#
#......##### #...#
#.......)..# #...#
#......###†# #...#


You could see 2 jackals, a hobgoblin and a rat.

Vanquished Creatures
  A dart slug (D:1)
  An endoplasm (D:1)
  3 goblins (D:1)
  2 jackals (D:1)
  A kobold (D:1)
  A ball python (D:1)
  2 bats (D:1)
  2 frilled lizards (D:1)
13 creatures vanquished.

Notes
Turn   | Place    | Note
-------+----------+-------------------------------------------
     0 | D:1      | a11behringer the Demigod Conjurer began the quest for the
                  | Orb.
     0 | D:1      | Reached XP level 1. HP: 14/14 MP: 5/5
    12 | D:1      | Noticed a polar bear
    12 | D:1      | Noticed a black mamba
    13 | D:1      | Noticed a killer bee
    13 | D:1      | Noticed an iguana
   228 | D:1      | Reached XP level 2. HP: 17/20 MP: 0/7
   262 | D:1      | Reached skill level 4 in Conjurations
   286 | D:1      | HP: 1/20 [jackal (1)]
   287 | D:1      | Slain by a hobgoblin

Illustrated notes

Levels and vault maps discovered:
D:1:      onia_arrival_zoo_common, layout_basic, serial_curves, eino_curves_01,
          eino_curves_02

Skill      XL: |  1  2 |
---------------+-------+-----
Dodging        | 2 |  2.0
Conjurations   | 4 |  4.0
Short Blades   | |  0.1
Stealth        | |  1.7
Unarmed Combat | |  0.3
Spellcasting   | |  1.7

Action                   || total
-------------------------++-------
Melee: Dagger            ||    30
       Unarmed           ||    12
 Cast: Magic Dart        ||    14
Armor: Robe              ||    27
Dodge: Dodged            ||    49
